Map: [ESL] Data-C

Players

Serral

  • Race: Zerg Zerg
  • Spawn Location: 3:00

Clem - Winner!

  • Race: Terran Terran
  • Spawn Location: 9:00

Event: DreamHack SC2 Masters 2022 Atlanta (Online)

VOD

Have the link to the VOD?

Description

Time

  • Played on: Oct. 11, 2022, 2:24 p.m.
  • Length: 8:15

All games in this series

Show
View Real Time Build Order
Export as new Build Order

Serral Zerg 

Build Orders: Hatch First 

Get SALT Encoding   

  12  0:00  Drone  
  13  0:13  Overlord  
  13  0:17  Drone  
  14  0:31  Drone x2  
  16  0:48  Hatchery  
  15  0:51  Drone  
  15  0:55  Drone  
  17  0:58  Drone  
  18  1:09  Extractor  
  17  1:14  Spawning Pool  
  17  1:17  Drone  
  17  1:20  Drone  
  18  1:28  Drone  
  19  1:39  Drone  
  20  1:50  Drone  
  21  2:00  Queen  
  24  2:01  Zergling x4  
  24  2:02  Queen  
  27  2:11  Overlord  
  27  2:12  Drone  
  28  2:24  Hatchery  
  28  2:26  Drone  
  28  2:29  Drone  
  29  2:33  Drone  
  29  2:34  Drone  
  31  2:38  Metabolic Boost  
  31  2:46  Queen  
  31  2:50  Overlord  
  33  2:54  Drone  
  33  2:55  Drone  
  33  2:57  Drone  
  36  3:05  Overlord  
  36  3:10  Drone x3  
  36  3:11  Drone  
  40  3:16  Queen  
  40  3:17  Drone  
  40  3:19  Drone  
  44  3:25  Queen  
  46  3:31  Drone x2  
  46  3:33  Extractor  
  47  3:37  Queen  
  47  3:40  Overlord  
  49  3:43  Drone  
  49  3:47  Roach Warren  
  49  3:49  Drone  
  49  3:50  Drone  
  49  3:51  Drone  
  49  3:55  Drone x2  
  54  3:59  Overlord  
  54  4:01  Drone  
  55  4:04  Zergling x2  
  55  4:05  Overlord  
  56  4:10  Drone x2  
  56  4:12  Overlord  
  56  4:16  Drone, Overlord  
  59  4:30  Roach x3  
  65  4:36  Zergling x10  
  67  4:39  Evolution Chamber  
  67  4:40  Evolution Chamber  
  67  4:43  Drone  
  64  4:48  Drone x3  
  61  4:54  Drone  
  61  4:56  Drone  
  61  4:57  Drone  
  61  4:58  Drone  
  63  5:01  Drone  
  63  5:06  Drone x4  
  68  5:07  Drone  
  68  5:11  Lair  
  69  5:14  Drone x2  
  69  5:15  Drone  
  69  5:17  Drone  
  69  5:18  Drone  
  69  5:21  Drone  
  75  5:24  Drone  
  75  5:28  Drone  
  77  5:29  Drone x3  
  77  5:33  Extractor  
  77  5:34  Drone x4, Extractor  
  82  5:36  Drone  
  82  5:40  Drone  
  84  5:45  Drone x4, Extractor  
  84  5:46  Extractor  
  86  5:52  Drone  
  86  5:55  Spore Crawler  
  87  5:57  Drone x4  
  87  5:59  Overlord  
  87  6:02  Overlord  
  90  6:04  Overlord  
  90  6:08  Hatchery  
  90  6:11  Glial Reconstitution  
  89  6:13  Drone  
  89  6:15  Infestation Pit  
  89  6:19  Drone x3, Evolution Chamber  
  89  6:20  Roach x2  
  89  6:21  Evolution Chamber  
  89  6:23  Roach  
  96  6:29  Drone x4  
  96  6:32  Roach x2  
  104  6:39  Roach  
  109  6:40  Roach x2  
  109  6:42  Overlord  
  109  6:45  Roach x3  
  114  6:47  Overlord  
  114  6:48  Overlord  
  114  6:49  Overlord  
  115  6:57  Hive  
  114  7:02  Spore Crawler  
  114  7:03  Drone x2  
  114  7:04  Hatchery  
  114  7:07  Hydralisk Den  
  112  7:12  Roach x4  
  112  7:14  Drone  
  121  7:22  Roach x3  
  127  7:26  Overlord x2  
  127  7:29  Overlord  
  127  7:31  Zergling x6  
  127  7:36  Zergling x2  
  127  7:37  Zergling x6  
  134  7:38  Ravager x2  
  134  7:41  Ravager, Overlord x2  
  137  7:45  Lurker Den  
  137  7:48  Roach x3  
  137  7:50  Roach  
  133  7:55  Roach x3  
  133  7:57  Ravager  
Show
View Real Time Build Order
Export as new Build Order

Clem Terran - Winner!

Build Orders: Liberator Opening, Reaper Expand 

Get SALT Encoding   

  12  0:00  SCV  
  13  0:12  SCV  
  14  0:17  Supply Depot  
  14  0:24  SCV  
  15  0:38  SCV  
  15  0:40  Barracks  
  16  0:44  Refinery  
  16  0:50  SCV  
  17  1:03  SCV  
  18  1:15  SCV  
  19  1:27  Reaper, Orbital Command  
  20  1:40  Command Center  
  20  1:47  Supply Depot  
  20  1:52  SCV  
  21  1:58  Marine  
  22  2:05  SCV  
  23  2:11  Factory  
  23  2:17  SCV  
  23  2:20  Barracks Reactor  
  24  2:29  SCV  
  25  2:40  Command Center  
  25  2:43  SCV  
  26  2:51  Orbital Command  
  26  2:55  SCV  
  27  3:01  Starport  
  27  3:07  SCV  
  27  3:08  Hellion  
  32  3:12  Hellion  
  32  3:15  Refinery  
  32  3:18  SCV  
  33  3:21  SCV  
  34  3:29  Hellion  
  34  3:30  SCV  
  34  3:33  SCV  
  34  3:34  Hellion  
  40  3:42  SCV  
  40  3:45  SCV  
  40  3:46  Liberator  
  45  3:50  Barracks Tech Lab  
  45  3:52  Hellion  
  45  3:54  SCV, Orbital Command  
  48  3:58  Hellion  
  48  3:59  SCV  
  51  4:06  SCV  
  51  4:08  Supply Depot  
  52  4:10  Stimpack  
  52  4:11  SCV  
  52  4:15  Marine  
  54  4:18  SCV  
  54  4:20  SCV  
  54  4:23  SCV  
  57  4:26  Barracks  
  57  4:30  Barracks, Starport Reactor  
  57  4:31  SCV  
  58  4:32  SCV, Factory Tech Lab  
  58  4:33  Marine  
  58  4:35  SCV  
  58  4:38  Supply Depot  
  61  4:46  Engineering Bay  
  61  4:47  SCV  
  61  4:48  Engineering Bay, SCV  
  61  4:51  SCV, Marine  
  61  4:59  SCV  
  59  5:02  Refinery, Barracks x2  
  59  5:03  Siege Tank, Orbital Command  
  59  5:04  SCV  
  64  5:09  Marine  
  64  5:11  SCV  
  64  5:12  Supply Depot  
  63  5:16  SCV  
  63  5:17  Terran Infantry Weapons Level 1  
  63  5:18  Refinery, Starport Reactor  
  63  5:20  Marine x2  
  66  5:21  Marine  
  66  5:22  Marine  
  66  5:24  SCV  
  66  5:27  Marine  
  70  5:32  SCV, Terran Infantry Armor Level 1  
  70  5:35  Supply Depot, SCV  
  72  5:36  Supply Depot  
  72  5:37  SCV  
  72  5:38  Marine x2  
  72  5:40  Marine  
  72  5:41  Marine  
  77  5:44  SCV, Marine  
  77  5:47  Siege Tank  
  77  5:48  SCV  
  77  5:49  SCV  
  84  5:56  Marine x2  
  88  5:57  SCV  
  88  5:58  Barracks Reactor x2  
  88  6:00  SCV  
  88  6:01  Supply Depot, SCV  
  88  6:03  Marine  
  90  6:05  Combat Shield  
  90  6:06  Marine  
  90  6:09  SCV  
  93  6:11  Supply Depot  
  93  6:12  SCV  
  93  6:13  SCV  
  93  6:14  Marine  
  95  6:19  Siege Tank  
  95  6:20  Marine  
  95  6:21  SCV  
  95  6:23  Supply Depot, Refinery, Marine  
  95  6:24  SCV  
  95  6:25  SCV  
  103  6:27  Marine x2  
  103  6:31  Supply Depot  
  103  6:32  Factory, Marine  
  106  6:33  SCV  
  106  6:36  SCV, Marine  
  106  6:37  Marine x2  
  106  6:38  Medivac, Marine  
  112  6:42  Marine  
  112  6:45  Marine  
  112  6:47  Supply Depot, Marine  
  112  6:51  Marine  
  112  6:52  Siege Tank  
  117  6:55  Marine  
  117  6:57  Marine x2  
  117  7:00  Supply Depot  
  120  7:03  Supply Depot  
  120  7:04  Medivac, Armory  
  120  7:06  Marine x3  
  120  7:07  Marine  
  120  7:08  Marauder  
  128  7:13  Refinery  
  125  7:16  Marine x4  
  125  7:18  Factory Tech Lab  
  129  7:25  Command Center  
  129  7:27  Supply Depot  
  129  7:28  Medivac  
  131  7:30  Marine  
  131  7:31  Supply Depot, Marine  
  131  7:34  Siege Tank  
  136  7:39  Medivac  
  136  7:40  Marine  
  136  7:41  Marauder  
  136  7:42  Marine x2  
  143  7:44  Marine  
  143  7:47  Marine  
  143  7:52  Marine x3  
  143  7:57  Supply Depot, SCV x2  
  145  7:59  SCV  
Tags
 
Add a new tag
Caveats
  • Supply blocks, unpowered buildings, or Contaminate may cause inaccurate times.
  • Supply counts are checked every 10 seconds.